[Event "GER-ch Women Open 2019"]
[Site "Bodenmais"]
[Date "2019.08.02"]
[Round "7.4"]
[White "Weinmann, Helene"]
[Black "Just, Anita"]
[Result "0-1"]
[ECO "A40"]
[WhiteElo "1520"]
[BlackElo "1875"]
[Annotator "NA"]
[PlyCount "52"]
[EventDate "2019.07.27"]
[EventType "swiss"]
[EventCountry "GER"]
[SourceTitle "playchess.com"]
[Source "ChessBase"]
[SourceQuality "1"]
[TimeControl "40/5400+30:900+30"]

1. d4 e6 2. Nf3 f5 3. Bf4 Nf6 4. h3 b6 5. c3 Bb7 6. Nbd2 Be7 7. e3 O-O 8. Be2 Ne4 9. O-O Nxd2 10. Nxd2 d5 11. Bf3 Nd7 12. c4 g5 13. Bh2 c6 14. cxd5 cxd5 15. Rc1 Rc8 16. Qe2 Nf6 17. Nb3 Qd7 18. Rxc8 Rxc8 19. Nc1 Qa4 20. Re1 Ba6 21. Qd1 Qxd1 22. Rxd1 Rc2 23. Be5 Rxb2 24. a4 Ne4 25. Bxe4 fxe4 26. f3 Rb1 0-1

[Event "GER-ch Women Open 2019"]
[Site "Bodenmais"]
[Date "2019.08.02"]
[Round "7.5"]
[White "Peglau, Dora"]
[Black "Peglau, Lorena"]
[Result "1-0"]
[ECO "A40"]
[WhiteElo "1300"]
[BlackElo "1108"]
[Annotator "NA"]
[PlyCount "65"]
[EventDate "2019.07.27"]
[EventType "swiss"]
[EventCountry "GER"]
[SourceTitle "playchess.com"]
[Source "ChessBase"]
[SourceQuality "1"]
[TimeControl "40/5400+30:900+30"]

1. d4 c6 2. c4 d5 3. e3 Bf5 4. Nc3 Nd7 5. cxd5 cxd5 6. Nxd5 e6 7. Nc3 Bb4 8. Bd2 Qc7 9. Rc1 Ngf6 10. Nb5 Bxd2+ 11. Qxd2 Qb6 12. Nc7+ Ke7 13. Nxa8 Rxa8 14. Nf3 Kf8 15. Be2 Kg8 16. O-O Ne4 17. Qd1 Qxb2 18. Rc2 Qb6 19. Qc1 h6 20. Rc8+ Rxc8 21. Qxc8+ Kh7 22. Qxd7 f6 23. Nh4 Qb2 24. Nxf5 exf5 25. Qxf5+ Kg8 26. Bc4+ Kh8 27. Qc8+ Kh7 28. Bg8+ Kg6 29. Qe8+ Kf5 30. Bh7+ Kg5 31. Qg6+ Kh4 32. g3+ Kh3 33. Qh5# {[%emt 0:00:22] Kg4} 1-0

[Event "GER-ch Women Open 2019"]
[Site "Bodenmais"]
[Date "2019.08.02"]
[Round "7.6"]
[White "Navarro Ortega-Villaizan, Alba"]
[Black "Wolff, Beate"]
[Result "1/2-1/2"]
[ECO "B18"]
[WhiteElo "700"]
[BlackElo "1238"]
[Annotator "NA"]
[PlyCount "86"]
[EventDate "2019.07.27"]
[EventType "swiss"]
[EventCountry "GER"]
[SourceTitle "playchess.com"]
[Source "ChessBase"]
[SourceQuality "1"]
[TimeControl "40/5400+30:900+30"]

1. e4 c6 2. d4 d5 3. Nc3 dxe4 4. Nxe4 Bf5 5. Qf3 Bxe4 6. Qxe4 Nf6 7. Qd3 e6 8. Be3 Be7 9. Qb3 b5 10. c4 a6 11. Bd3 O-O 12. Nf3 Nbd7 13. O-O Qc7 14. c5 Rfe8 15. a4 Nd5 16. axb5 cxb5 17. Bg5 Bf6 18. Bxf6 N7xf6 19. Ne5 Nf4 20. g3 Nxd3 21. Nxd3 Nd5 22. Nb4 Nxb4 23. Qxb4 Qc6 24. Rfd1 Red8 25. Rd3 Rd5 26. Rad1 a5 27. Qd2 b4 28. Qf4 Rf5 29. Qg4 Qd5 30. Rc1 Rc8 31. Qh4 Rh5 32. Qe7 Rf5 33. Qa7 h6 34. Qa6 Qe4 35. Qxc8+ Kh7 36. c6 Qxd3 37. Qd7 Qe2 38. Rf1 Qxb2 39. c7 Qe2 40. c8=Q b3 41. Rb1 Qxf2+ 42. Kh1 Qf3+ 43. Kg1 Qf2+ 1/2-1/2

[Event "GER-ch Women Open 2019"]
[Site "Bodenmais"]
[Date "2019.08.02"]
[Round "7.7"]
[White "Navarro Ortega-Villaizan, Lucia"]
[Black "Peglau, Adelheid"]
[Result "0-1"]
[ECO "B13"]
[WhiteElo "1113"]
[BlackElo "1187"]
[Annotator "NA"]
[PlyCount "102"]
[EventDate "2019.07.27"]
[EventType "swiss"]
[EventCountry "GER"]
[SourceTitle "playchess.com"]
[Source "ChessBase"]
[SourceQuality "1"]
[TimeControl "40/5400+30:900+30"]

1. e4 c6 2. d4 d5 3. exd5 cxd5 4. Nf3 Nf6 5. Bd3 Bg4 6. h3 Bxf3 7. Qxf3 e6 8. Bf4 Qb6 9. O-O Qxb2 10. Nd2 Qxd4 11. Be3 Qe5 12. Rfe1 Qc7 13. Bf4 Bd6 14. Bxd6 Qxd6 15. c4 Nbd7 16. cxd5 Nxd5 17. Nc4 Qc6 18. Rac1 O-O 19. Ne5 Qd6 20. Qe4 N7f6 21. Qf3 Rac8 22. Rxc8 Rxc8 23. g4 h6 24. Qg3 Rc3 25. Qf3 Nb4 26. Bh7+ Kxh7 27. Qxc3 Nbd5 28. Qd3+ Kg8 29. Qc2 Nb6 30. Rd1 Nfd5 31. Nc4 Nxc4 32. Qxc4 Qa3 33. Qc8+ Kh7 34. Qxb7 Qxh3 35. Rd4 Kg6 36. Qc6 f5 37. Rxd5 Qxg4+ 38. Kf1 Qh3+ 39. Ke1 Qh1+ 40. Ke2 Qxd5 41. Qe8+ Kh7 42. Qa4 Qe4+ 43. Qxe4 fxe4 44. Ke3 Kg6 45. Kxe4 Kg5 46. Ke5 h5 47. Ke4 Kg4 48. f3+ Kg3 49. f4 h4 50. Ke5 h3 51. Kxe6 Kxf4 0-1

[Event "GER-ch Women Open 2019"]
[Site "Bodenmais"]
[Date "2019.08.03"]
[Round "8.1"]
[White "Von Herman, Brigitte"]
[Black "Pribylova, Ruzena"]
[Result "1-0"]
[ECO "B22"]
[WhiteElo "2062"]
[BlackElo "1867"]
[Annotator "NA"]
[PlyCount "41"]
[EventDate "2019.07.27"]
[EventType "swiss"]
[EventCountry "GER"]
[SourceTitle "playchess.com"]
[Source "ChessBase"]
[SourceQuality "1"]
[TimeControl "40/5400+30:900+30"]

1. e4 c5 2. c3 Nc6 3. d4 cxd4 4. cxd4 d5 5. exd5 Qxd5 6. Nf3 Bg4 7. Nc3 Bxf3 8. gxf3 Qa5 9. d5 Ne5 10. Bb5+ Nd7 11. Bxd7+ Kxd7 12. Qb3 Qa6 13. Bf4 Nf6 14. O-O-O g6 15. Ne4 Rc8+ 16. Kb1 Bg7 17. Rc1 b6 18. Ng5 Nh5 19. Be3 f5 20. d6 Rxc1+ 21. Rxc1 1-0

[Event "GER-ch Women Open 2019"]
[Site "Bodenmais"]
[Date "2019.08.03"]
[Round "8.2"]
[White "Ries, Jutta"]
[Black "Peglau, Dora"]
[Result "1-0"]
[ECO "A01"]
[WhiteElo "1983"]
[BlackElo "1300"]
[Annotator "NA"]
[PlyCount "89"]
[EventDate "2019.07.27"]
[EventType "swiss"]
[EventCountry "GER"]
[SourceTitle "playchess.com"]
[Source "ChessBase"]
[SourceQuality "1"]
[TimeControl "40/5400+30:900+30"]

1. b3 Nf6 2. Bb2 g6 3. e3 Bg7 4. c4 c5 5. Nc3 Nc6 6. Ne4 d6 7. Nxf6+ Bxf6 8. Bxf6 exf6 9. Nf3 O-O 10. Be2 Bf5 11. O-O Re8 12. d4 Qe7 13. Qd2 Rad8 14. d5 Ne5 15. Rfc1 Kg7 16. a3 Qc7 17. Qc3 b6 18. Ne1 Qe7 19. h3 Rb8 20. Ra2 Rb7 21. g4 Bc8 22. Ng2 Kg8 23. f4 Nd7 24. Bf3 Rb8 25. a4 a5 26. Re1 Bb7 27. Rae2 Qf8 28. e4 Re7 29. Ne3 Qh6 30. Qd2 Qxf4 31. Nf5 Qxf3 32. Nxe7+ Kf8 33. Nc6 Bxc6 34. dxc6 Ne5 35. Qh6+ Kg8 36. Re3 Nxg4 37. hxg4 Qxg4+ 38. Kf2 Re8 39. c7 Rc8 40. Rh1 Rxc7 41. Qxh7+ Kf8 42. Qh4 Qe6 43. Rd1 Qe5 44. Qg3 Qb2+ 45. Re2 1-0

[Event "GER-ch Women Open 2019"]
[Site "Bodenmais"]
[Date "2019.08.03"]
[Round "8.3"]
[White "Wolff, Beate"]
[Black "Sewald, Kathrin"]
[Result "0-1"]
[ECO "A20"]
[WhiteElo "1238"]
[BlackElo "2016"]
[Annotator "NA"]
[PlyCount "58"]
[EventDate "2019.07.27"]
[EventType "swiss"]
[EventCountry "GER"]
[SourceTitle "playchess.com"]
[Source "ChessBase"]
[SourceQuality "1"]
[TimeControl "40/5400+30:900+30"]

1. c4 e5 2. g3 d6 3. Bg2 Nf6 4. Nc3 g6 5. Nf3 Bg7 6. O-O O-O 7. d3 c6 8. Rb1 Re8 9. Ng5 Nh5 10. b4 h6 11. Nf3 f5 12. e4 f4 13. Ne2 g5 14. h4 g4 15. Nh2 f3 16. Nxf3 gxf3 17. Bxf3 Nf6 18. Bg2 a5 19. b5 Nbd7 20. a4 Nc5 21. f4 Bg4 22. Qc2 Nxa4 23. bxc6 bxc6 24. f5 Nc5 25. Nc3 a4 26. Ba3 Nb3 27. Na2 Nh5 28. Kh2 Nd4 29. Nb4 Nxc2 0-1

[Event "GER-ch Women Open 2019"]
[Site "Bodenmais"]
[Date "2019.08.03"]
[Round "8.4"]
[White "Peglau, Sarah"]
[Black "Just, Anita, Dr."]
[Result "0-1"]
[ECO "A40"]
[WhiteElo "1525"]
[BlackElo "1875"]
[Annotator "NA"]
[PlyCount "114"]
[EventDate "2019.07.27"]
[EventType "swiss"]
[EventCountry "GER"]
[SourceTitle "playchess.com"]
[Source "ChessBase"]
[SourceQuality "1"]
[TimeControl "40/5400+30:900+30"]

1. d4 e6 2. c4 f5 3. Nf3 Nf6 4. Bf4 Bb4+ 5. Nbd2 O-O 6. e3 b6 7. Be2 Bb7 8. O-O Bxd2 9. Nxd2 d6 10. c5 bxc5 11. dxc5 d5 12. b4 c6 13. f3 Nbd7 14. Bd6 Rf7 15. Nb3 Ne8 16. Bg3 g5 17. a4 Rc8 18. Na5 Nb8 19. Nxb7 Rxb7 20. Qd4 Rf7 21. Rfc1 Ng7 22. Be5 f4 23. exf4 Nf5 24. Qb2 gxf4 25. b5 Nd7 26. Bxf4 Qh4 27. Be5 Nxe5 28. Qxe5 Qd4+ 29. Qxd4 Nxd4 30. Bd1 cxb5 31. axb5 Nxb5 32. Ba4 Nd4 33. Kf2 Rfc7 34. c6 a6 35. Rc5 Kf7 36. Rac1 Ke7 37. Ke3 Nf5+ 38. Kf2 Kd6 39. Ra5 Rb8 40. Rc2 Rb6 41. Ra2 Nd4 42. Ke3 Nxc6 43. Bd1 Nxa5 44. Rxa5 Rc5 45. Ra4 e5 46. f4 e4 47. f5 Ke5 48. g4 Rc3+ 49. Kf2 Rb2+ 50. Ke1 Re3+ 51. Kf1 Rd2 52. Rxa6 Rxd1+ 53. Kf2 Rf3+ 54. Ke2 Rh1 55. Rh6 Ra1 56. Rxh7 Ra2+ 57. Ke1 Rb3 0-1

[Event "GER-ch Women Open 2019"]
[Site "Bodenmais"]
[Date "2019.08.03"]
[Round "8.5"]
[White "Navarro Ortega-Villaizan, Lucia"]
[Black "Weinmann, Helene"]
[Result "1/2-1/2"]
[ECO "C41"]
[WhiteElo "1113"]
[BlackElo "1520"]
[Annotator "NA"]
[PlyCount "106"]
[EventDate "2019.07.27"]
[EventType "swiss"]
[EventCountry "GER"]
[SourceTitle "playchess.com"]
[Source "ChessBase"]
[SourceQuality "1"]
[TimeControl "40/5400+30:900+30"]

1. e4 e5 2. Nf3 d6 3. Bc4 Be7 4. Nc3 Nf6 5. h3 O-O 6. d3 Be6 7. Bb3 Nc6 8. Be3 Bxb3 9. axb3 a6 10. O-O d5 11. exd5 Nxd5 12. Nxd5 Qxd5 13. c4 Qd7 14. Re1 Rad8 15. d4 Bf6 16. d5 Ne7 17. Qd3 Qf5 18. Qxf5 Nxf5 19. g4 Nxe3 20. Rxe3 e4 21. Rxe4 Bxb2 22. Rd1 Ba3 23. Rb1 Bd6 24. Rbe1 g6 25. Nd4 Bc5 26. Nf3 f5 27. gxf5 Rxf5 28. Nd4 Bxd4 29. Rxd4 Rdf8 30. Re2 Rf3 31. Rdd2 Rxh3 32. Re7 Rf7 33. Re8+ Kg7 34. Re3 Rxe3 35. fxe3 Kf8 36. e4 Rf3 37. e5 Rxb3 38. e6 Re3 39. Rf2+ Ke7 40. Rf7+ Kd6 41. Rd7+ Kc5 42. Rxc7+ Kd6 43. Rd7+ Kc5 44. Rc7+ Kd6 45. Rxb7 h5 46. Rd7+ Kc5 47. Rc7+ Kd6 48. Rc6+ Ke7 49. Rc7+ Kd6 50. Rg7 Re4 51. Rd7+ Kc5 52. Rc7+ Kd6 53. Rd7+ Kc5 1/2-1/2

[Event "GER-ch Women Open 2019"]
[Site "Bodenmais"]
[Date "2019.08.03"]
[Round "8.6"]
[White "Navarro Ortega-Villaizan, Alba"]
[Black "Steckmann, Kerstin"]
[Result "0-1"]
[ECO "C02"]
[WhiteElo "700"]
[BlackElo "1653"]
[Annotator "NA"]
[PlyCount "44"]
[EventDate "2019.07.27"]
[EventType "swiss"]
[EventCountry "GER"]
[SourceTitle "playchess.com"]
[Source "ChessBase"]
[SourceQuality "1"]
[TimeControl "40/5400+30:900+30"]

1. e4 e6 2. d4 d5 3. e5 c5 4. c3 Nc6 5. Bb5 Bd7 6. Be3 cxd4 7. cxd4 Qa5+ 8. Nc3 Bb4 9. Bxc6 Bxc3+ 10. bxc3 Qxc3+ 11. Bd2 Qxc6 12. Ne2 Ne7 13. Rc1 Qa6 14. Nc3 O-O 15. Bg5 Ng6 16. Rb1 Rfc8 17. Ne2 h6 18. Bd2 Ba4 19. Rb3 Bxb3 20. axb3 Rc7 21. Nf4 Rac8 22. Qg4 Qa1+ 0-1

[Event "GER-ch Women Open 2019"]
[Site "Bodenmais"]
[Date "2019.08.03"]
[Round "8.7"]
[White "Peglau, Adelheid"]
[Black "Peglau, Lorena"]
[Result "1/2-1/2"]
[ECO "B18"]
[WhiteElo "1187"]
[BlackElo "1108"]
[Annotator "NA"]
[PlyCount "90"]
[EventDate "2019.07.27"]
[EventType "swiss"]
[EventCountry "GER"]
[SourceTitle "playchess.com"]
[Source "ChessBase"]
[SourceQuality "1"]
[TimeControl "40/5400+30:900+30"]

1. e4 c6 2. d4 d5 3. Nc3 dxe4 4. Nxe4 Bf5 5. Ng3 Bg6 6. Nf3 Nd7 7. Bc4 e6 8. O-O Ngf6 9. Bg5 Be7 10. Re1 O-O 11. Ne5 Qc7 12. Nxg6 hxg6 13. h3 Bd6 14. Ne4 Nxe4 15. Rxe4 Nb6 16. Bd3 c5 17. h4 cxd4 18. h5 gxh5 19. Qxh5 g6 20. Qh6 Be5 21. Rh4 Rfc8 22. Qh7+ Kf8 23. Re1 Bg7 24. Bxg6 fxg6 25. Rxe6 Nd5 26. Qxg6 Re8 27. Qf5+ Kg8 28. Qxd5 Qf7 29. Rxe8+ Rxe8 30. Qxf7+ Kxf7 31. Rf4+ Kg6 32. Bh4 Re2 33. Rg4+ Kh6 34. b4 Rxc2 35. a4 Rb2 36. Be7 Rb1+ 37. Kh2 Be5+ 38. g3 d3 39. Kg2 Bc3 40. b5 d2 41. Bg5+ Kh5 42. Bxd2 Kxg4 43. Bxc3 a6 44. bxa6 bxa6 45. a5 Rc1 1/2-1/2

[Event "GER-ch Women Open 2019"]
[Site "Bodenmais"]
[Date "2019.08.04"]
[Round "9.1"]
[White "Von Herman, Brigitte"]
[Black "Navarro Ortega-Villaizan, Lucia"]
[Result "1-0"]
[ECO "C44"]
[WhiteElo "2062"]
[BlackElo "1113"]
[Annotator "NA"]
[PlyCount "49"]
[EventDate "2019.07.27"]
[EventType "swiss"]
[EventCountry "GER"]
[SourceTitle "playchess.com"]
[Source "ChessBase"]
[SourceQuality "1"]
[TimeControl "40/5400+30:900+30"]

1. e4 e5 2. Nf3 Nc6 3. d4 f6 4. Bc4 Nge7 5. Nc3 d6 6. h3 b6 7. O-O Bb7 8. Re1 Qd7 9. d5 Na5 10. Bf1 Bc8 11. b4 Nb7 12. Nh4 g6 13. f4 exf4 14. Nf3 Bg7 15. Bb5 c6 16. dxc6 Nxc6 17. Bxf4 a6 18. Bxc6 Qxc6 19. Nd5 Be6 20. Nd4 Qd7 21. Nxe6 Kf7 22. Nxg7 Kxg7 23. Qd4 Rhf8 24. Bg5 Qe6 25. Rf1 1-0

[Event "GER-ch Women Open 2019"]
[Site "Bodenmais"]
[Date "2019.08.04"]
[Round "9.2"]
[White "Peglau, Lorena"]
[Black "Ries, Jutta"]
[Result "0-1"]
[ECO "D04"]
[WhiteElo "1108"]
[BlackElo "1983"]
[Annotator "NA"]
[PlyCount "42"]
[EventDate "2019.07.27"]
[EventType "swiss"]
[EventCountry "GER"]
[SourceTitle "playchess.com"]
[Source "ChessBase"]
[SourceQuality "1"]
[TimeControl "40/5400+30:900+30"]

1. Nf3 Nf6 2. d4 d5 3. e3 c5 4. dxc5 Nc6 5. Nc3 Bg4 6. Be2 e6 7. h3 Bh5 8. Bd2 Bxc5 9. O-O O-O 10. a3 a6 11. b4 Bd6 12. Qb1 Qe7 13. Qb3 Ne4 14. Rad1 Rfc8 15. Rfe1 Nxd2 16. Nxd2 Bxe2 17. Rxe2 b5 18. e4 Nd4 19. Qb2 Rxc3 20. Qxc3 Nxe2+ 21. Kf1 Nxc3 0-1

[Event "GER-ch Women Open 2019"]
[Site "Bodenmais"]
[Date "2019.08.04"]
[Round "9.4"]
[White "Just, Anita"]
[Black "Peglau, Dora"]
[Result "1/2-1/2"]
[ECO "B17"]
[WhiteElo "1875"]
[BlackElo "1300"]
[Annotator "NA"]
[PlyCount "87"]
[EventDate "2019.07.27"]
[EventType "swiss"]
[EventCountry "GER"]
[SourceTitle "playchess.com"]
[Source "ChessBase"]
[SourceQuality "1"]
[TimeControl "40/5400+30:900+30"]

1. e4 c6 2. d4 d5 3. Nc3 dxe4 4. Nxe4 Nd7 5. Ng5 Ngf6 6. Bd3 e6 7. N1f3 Bd6 8. O-O h6 9. Ne4 Nxe4 10. Bxe4 Nf6 11. Bd3 O-O 12. Ne5 c5 13. c3 cxd4 14. cxd4 b6 15. Qf3 Nd5 16. Qe4 f5 17. Qe2 Bxe5 18. dxe5 Bb7 19. Bd2 Rc8 20. Rac1 Qh4 21. Bb5 Qe7 22. a3 Rfd8 23. h3 Kh7 24. Rfd1 Kg8 25. Qe1 a6 26. Be2 Kh7 27. Bf3 Qf8 28. Qe2 Rd7 29. Rxc8 Qxc8 30. Rc1 Rc7 31. Rxc7 Qxc7 32. Qd3 Qxe5 33. Bxd5 Qxd5 34. Qxd5 exd5 35. Be3 b5 36. f4 Kg6 37. h4 h5 38. Bd4 Kf7 39. Kf2 g6 40. Ke3 Ke6 41. g3 Kd6 42. Kd3 Kc6 43. Ba7 Kd6 44. Bd4 1/2-1/2

[Event "GER-ch Women Open 2019"]
[Site "Bodenmais"]
[Date "2019.08.04"]
[Round "9.5"]
[White "Steckmann, Kerstin"]
[Black "Peglau, Sarah"]
[Result "0-1"]
[ECO "D55"]
[WhiteElo "1653"]
[BlackElo "1525"]
[Annotator "NA"]
[PlyCount "82"]
[EventDate "2019.07.27"]
[EventType "swiss"]
[EventCountry "GER"]
[SourceTitle "playchess.com"]
[Source "ChessBase"]
[SourceQuality "1"]
[TimeControl "40/5400+30:900+30"]

1. d4 d5 2. c4 e6 3. Nf3 Nf6 4. Bg5 Be7 5. e3 O-O 6. Nc3 b6 7. cxd5 exd5 8. Bd3 Bb7 9. O-O Na6 10. Rc1 Ne4 11. Bxe7 Qxe7 12. Ne2 Rfc8 13. Qa4 Nb4 14. Bb1 Ba6 15. Rfe1 Bd3 16. Nf4 Bxb1 17. Rxb1 g5 18. Nh5 Nd3 19. Re2 Re8 20. Qc6 Rad8 21. Qh6 f5 22. Nxg5 Rd6 23. Qxh7+ Qxh7 24. Nxh7 Kxh7 25. Rd1 Ndxf2 26. Rxf2 Nxf2 27. Kxf2 c5 28. dxc5 bxc5 29. Nf4 Kg7 30. Rxd5 Rxd5 31. Nxd5 Rd8 32. Nf4 Rd2+ 33. Kf3 c4 34. h4 Rxb2 35. e4 c3 36. exf5 Rxa2 37. Ke3 a5 38. Kd3 a4 39. Kxc3 Rf2 40. Nd3 Rxg2 41. Nb2 Rf2 0-1

[Event "GER-ch Women Open 2019"]
[Site "Bodenmais"]
[Date "2019.08.04"]
[Round "9.6"]
[White "Weinmann, Helene"]
[Black "Wolff, Beate"]
[Result "1-0"]
[ECO "D02"]
[WhiteElo "1520"]
[BlackElo "1238"]
[Annotator "NA"]
[PlyCount "157"]
[EventDate "2019.07.27"]
[EventType "swiss"]
[EventCountry "GER"]
[SourceTitle "playchess.com"]
[Source "ChessBase"]
[SourceQuality "1"]
[TimeControl "40/5400+30:900+30"]

1. d4 d5 2. Nf3 Nf6 3. Bf4 Bf5 4. c3 Nbd7 5. Nbd2 e6 6. Qb3 Qc8 7. e3 Be7 8. Be2 O-O 9. O-O c5 10. Rac1 c4 11. Qd1 Qc6 12. Ra1 Rfe8 13. Ne5 Nxe5 14. Bxe5 Nd7 15. Bg3 Bd6 16. Bxd6 Qxd6 17. Nf3 Nf6 18. Nd2 b5 19. Re1 e5 20. dxe5 Qxe5 21. Nf3 Qd6 22. Nd4 Qd7 23. Bf3 Bg4 24. Bxg4 Nxg4 25. h3 Nf6 26. Qf3 Re5 27. Rad1 a6 28. Qg3 Rae8 29. Nf3 Re4 30. Rd4 Nh5 31. Qh2 Rxd4 32. Nxd4 Nf6 33. Rd1 h6 34. Qf4 Re4 35. Qf5 Qxf5 36. Nxf5 Re6 37. Kf1 Kh7 38. Nd4 Re5 39. Ke2 g5 40. Nc6 Re8 41. Nb4 Kg6 42. a3 a5 43. Nc6 a4 44. Nd4 Rb8 45. f3 h5 46. Nc6 Re8 47. Rd4 Kf5 48. g4+ hxg4 49. hxg4+ Kg6 50. Kf2 Rh8 51. Kg2 Re8 52. Kf2 Rh8 53. Ne7+ Kg7 54. Nf5+ Kg6 55. Kg2 Rd8 56. Rd1 Rh8 57. Rh1 Rxh1 58. Kxh1 Nd7 59. Ne7+ Kg7 60. f4 gxf4 61. exf4 Nc5 62. Nxd5 Nd3 63. Kg2 Nxb2 64. Kf3 Nd1 65. Ke4 Nf2+ 66. Kf3 Nd3 67. Nc7 b4 68. cxb4 c3 69. Ke3 Ne1 70. Nd5 Nc2+ 71. Kd3 Nxa3 72. Nxc3 Kg6 73. Nxa4 Nb5 74. Kc4 Nd6+ 75. Kd5 Nb5 76. Kc5 Na3 77. Nb6 Nc2 78. Nd5 Ne3 79. Nxe3 1-0

[Event "GER-ch Women Open 2019"]
[Site "Bodenmais"]
[Date "2019.08.04"]
[Round "9.7"]
[White "Pribylova, Ruzena"]
[Black "Peglau, Adelheid"]
[Result "1-0"]
[ECO "B15"]
[WhiteElo "1867"]
[BlackElo "1187"]
[Annotator "NA"]
[PlyCount "47"]
[EventDate "2019.07.27"]
[EventType "swiss"]
[EventCountry "GER"]
[SourceTitle "playchess.com"]
[Source "ChessBase"]
[SourceQuality "1"]
[TimeControl "40/5400+30:900+30"]

1. e4 c6 2. d4 d5 3. Nc3 dxe4 4. Nxe4 Nf6 5. Ng3 Bg4 6. Be2 Bxe2 7. N1xe2 e6 8. O-O Be7 9. c4 O-O 10. b3 Nbd7 11. Bb2 Nb6 12. Qc2 Qc7 13. h3 Nbd7 14. Rad1 Rac8 15. Nc3 Nb6 16. Rfe1 Rfd8 17. Qe2 c5 18. d5 Rd6 19. Nb5 Qb8 20. Nxd6 Qxd6 21. dxe6 Qc7 22. exf7+ Kxf7 23. Qe6+ Ke8 24. Nf5 1-0